 Dungeon Crawl Stone Soup version bcrawl-1.32 (webtiles) character file.

Game seed: 15193222596574059020

121418 Morbidden the Ducker (level 5, -2/42 HPs)
             Began as a Djinni Archaeologist on June 27, 2021.
             Killed by nerve-wracking pain
             ... invoked by an orc priest
              (12 damage)
             ... on level 4 of the Dungeon.
             The game lasted 00:03:59 (3299 turns).

Morbidden the Ducker (Djinni Archaeologist)         Turns: 3299, Time: 00:04:00

Health: -2/42      AC:  5    Str: 14    XL:     5   Next: 25%
Magic:  5/5        EV: 11    Int: 17    God:
Gold:   155        SH:  4    Dex:  9    Spells: 4/4 levels left

rFire    . . .     SeeInvis .   a - +0 falchion
rCold    . . .     Gourm    .   n - +0 buckler
rNeg     . . .     Faith    .   c - +1 robe
rPois    .         Spirit   .   d - +1 hat
rElec    .         Reflect  .   t - +0 cloak
rCorr    .         Harm     .   (no gloves)
MR       .....     Rnd*Rage +   (boots unavailable)
Stlth    ++........             (no amulet)
HPRegen  0.14/turn              o - +2 ring of slaying (curse)
MPRegen  0.09/turn              (no ring)

@: flying
A: never pass out, berserk 2, blink, blurry vision 2, wild magic 2, MP-powered
wands, floating
a: Blink


You were on level 4 of the Dungeon.
You were hungry.

You visited 1 branch of the dungeon, and saw 4 of its levels.

You collected 155 gold pieces.

Inventory:

Hand Weapons
 a - a +0 falchion (weapon)
 b - a +0 blowgun
 p - a +0 hunting sling
 w - a +0 dagger
Missiles
 f - 4 curare-tipped needles
Armour
 c - a +1 robe (worn)
 d - a +1 hat (worn)
 m - a +0 pair of gloves
 n - a +0 buckler (worn)
 t - a +0 cloak (worn)
Jewellery
 h - the amulet "Duyrun" {Rage *Contam rN+ Slay+3}
   (You acquired it on level 4 of the Dungeon)

   [amulet of rage]

   It affects your accuracy and damage with ranged weapons and melee attacks
   (+3).
   It protects you from negative energy.
   It causes magical contamination when unequipped.
 o - a cursed +2 ring of slaying (left hand)
Wands
 r - a wand of digging (11)
 v - a wand of disintegration (5)
Scrolls
 g - a scroll of magic mapping
 i - 8 scrolls of identify
 k - a scroll of enchant weapon {unknown}
 l - a scroll of teleportation {unknown}
 q - a scroll of immolation {unknown}
 u - 2 scrolls of fog
Potions
 s - a potion of invisibility {unknown}
 x - a potion of flight {unknown}
 z - a potion of degeneration {unknown}
Comestibles
 e - 6 rations {!d}
 j - 5 chunks of flesh


   Skills:
 + Level 2.4 Fighting
 + Level 1.2(1.5) Short Blades
 + Level 1.3(1.7) Long Blades
   Level 1.0 Maces & Flails
 + Level 4.2 Dodging
 + Level 3.1 Stealth
 + Level 0.6 Shields


You had 4 spell levels left.
You didn't know any spells.
Your spell library was empty.

Dungeon Overview and Level Annotations

Branches:
Dungeon (4/12)
 Temple: D:4-7

Altars:
Trog
Xom
Yredelemnul
Zin


Innate Abilities, Weirdness & Mutations

You never pass out after going berserk.
You often lose your temper in combat.
You can translocate small distances at will.
Scrolls take you longer to read.
Your spells are harder to cast, but more powerful.
You expend magic power (3 MP) to strengthen your wands.
Your body floats in the air.


Message History

You hit the orc priest.
The orc priest is lightly wounded.
The orc wizard hits you but does no damage.
The orc priest hits you but does no damage.
The orc wizard hits you but does no damage.
The orc wizard hits you with a +2 dagger of holy wrath.
* * * LOW HITPOINT WARNING * * *
The necrophage barely misses you. The orc barely misses you.
The orc priest hits you but does no damage.
You hit the orc priest.
The orc priest is moderately wounded.
The orc wizard hits you but does no damage.
The orc wizard casts a spell.
The orc wizard blinks!
The necrophage hits you but does no damage.
The orc wizard casts a spell.
The orc wizard blinks!
The orc priest mumbles some strange prayers to Beogh against you.
Pain shoots through your body!
You die...

#........## #......
##........#####...#
#...............#
#....###........#
##...##
#####..#.####
##...##
######.....##
#.....#
#....!......#
...)..##
#.####§####....
.......# #..@o.# ..
.#####..# #..no§..#
## #..# #.......# #
#..#.)..._o..o.
#...#.......#.#
#..#.......#.(# #.
##.....## .#
###.###


You could see a necrophage, an orc priest, 2 orc wizards and an orc.

Vanquished Creatures
  A bullfrog skeleton (D:4)
  2 worker ants (D:4)
  A hound skeleton (D:4)
  3 adders
  An ooze (D:1)
  2 worms
  A dart slug (D:2)
  3 leopard geckos
  An orc (D:4)
  2 ball pythons (D:2)
  2 giant cockroaches
  4 goblins
  2 hobgoblins
  A jackal (D:2)
  A quokka (D:3)
  2 bats (D:1)
  4 frilled lizards
  A jackal skeleton (D:4)
  5 kobolds
  2 rats
41 creatures vanquished.

Notes
Turn   | Place    | Note
-------+----------+-------------------------------------------
     0 | D:1      | Morbidden the Djinni Archaeologist began the quest for the
                  | Orb.
     0 | D:1      | Reached XP level 1. HP: 16/16 MP: 1/1
   412 | D:1      | Reached XP level 2. HP: 23/23 MP: 2/2
   804 | D:2      | Found a basalt altar of Yredelemnul.
  1206 | D:2      | Reached XP level 3. HP: 19/28 MP: 3/3
  1395 | D:2      | Found a glowing silver altar of Zin.
  1930 | D:3      | Found a faded altar of an unknown god.
  2173 | D:3      | Found a bloodstained altar of Trog.
  2652 | D:4      | Reached skill level 4 in Dodging
  2652 | D:4      | Gained mutation: Your spells are harder to cast, but more
                  | powerful. [Djinni growth]
  2652 | D:4      | Gained mutation: You can translocate small distances at
                  | will. [Djinni growth]
  2652 | D:4      | Reached XP level 4. HP: 23/36 MP: 4/4
  2871 | D:4      | Reached skill level 1 in Short Blades
  3094 | D:4      | Reached XP level 5. HP: 42/42 MP: 2/5
  3094 | D:4      | Identified a scroll of acquirement
  3096 | D:4      | Identified the amulet "Duyrun" {Rage *Contam rN+ Slay+3}
                  | (You acquired it on level 4 of the Dungeon)
  3161 | D:4      | Reached skill level 1 in Long Blades
  3286 | D:4      | Found a shimmering altar of Xom.
  3289 | D:4      | Noticed a necrophage
  3299 | D:4      | Killed from afar by an orc priest

Skill      XL: |  1  2  3  4  5 |
---------------+----------------+-----
Fighting       | 2 |  2.4
Dodging        | 4 |  4.2
Stealth        | 3 |  3.1
Short Blades   | 1 |  1.2
Long Blades    | 1 |  1.3
Maces & Flails | |  1.0
Shields        | |  0.6

Action                   |  1- 3 |  4- 6 || total
-------------------------+-------+-------++-------
Melee: Whip              |    46 |       ||    46
       Dagger            |   110 |       ||   110
       Falchion          |    16 |    60 ||    76
 Fire: Blowgun           |     1 |     1 ||     2
Evoke: Wand              |       |     2 ||     2
  Use: Potion            |     5 |     2 ||     7
       Scroll            |     5 |     2 ||     7
 Stab: Sleeping          |     9 |       ||     9
  Eat: Chunk             |     8 |     2 ||    10
       Ration            |       |     1 ||     1
Armor: Robe              |    38 |    18 ||    56
       Skin              |    12 |       ||    12
Dodge: Dodged            |    83 |    48 ||   131
Block: Buckler           |    23 |    10 ||    33
